 Dungeon Crawl Stone Soup version 0.23.1-41-g7e51ed32d8 (webtiles) character file.

Game seed: 14459115857434192553

31 PentaManta the Skirmisher (level 3, -2/33 HPs)
             Began as a Draconian Fighter on Mar 30, 2019.
             Slain by a gnoll
             ... wielding a +0 halberd
              (8 damage)
             ... on level 2 of the Dungeon.
             The game lasted 00:01:19 (746 turns).

PentaManta the Skirmisher (Draconian Fighter)        Turns: 746, Time: 00:01:20

Health: -2/33      AC:  5    Str: 18    XL:     3   Next: 7%
Magic:  3/3        EV: 10    Int:  8    God:
Gold:   74         SH:  9    Dex: 11    Spells: 2/2 levels left

rFire    . . .     SeeInvis .   a - +0 long sword
rCold    . . .     Gourm    .   b - +0 shield
rNeg     . . .     Faith    .   (armour unavailable)
rPois    .         Spirit   .   (helmet restricted)
rElec    .         Reflect  .   (no cloak)
rCorr    .         Harm     .   (no gloves)
MR       .....                  (no boots)
Stlth    +.........             (no amulet)
HPRegen  0.11/turn              (no ring)
MPRegen  0.08/turn              (no ring)

@: no status effects
A: unfitting armour, cold-blooded, AC +5
a: no special abilities


You were on level 2 of the Dungeon.
You were not hungry.

You visited 1 branch of the dungeon, and saw 2 of its levels.

You collected 74 gold pieces.

Inventory:

Hand Weapons
 a - a +0 long sword (weapon)
Armour
 b - a +0 shield (worn)
Jewellery
 m - an uncursed ring of magical power {unknown}
Scrolls
 e - 2 scrolls of identify {unknown}
 f - a scroll of remove curse {unknown}
 i - a scroll of noise {unknown}
 j - a scroll of immolation {unknown}
 n - a scroll of amnesia {unknown}
Potions
 c - a potion of might
 g - 2 potions of brilliance {unknown}
 h - a potion of curing {unknown}
 k - a potion of magic {unknown}
 l - a potion of heal wounds {unknown}
 o - a potion of haste {unknown}
Comestibles
 d - 3 rations


   Skills:
 + Level 4.0 Fighting
 + Level 2.9 Long Blades
 - Level 2.6 Dodging
 - Level 3.0 Shields


You had 2 spell levels left.
You didn't know any spells.
Your spell library was empty.

Dungeon Overview and Level Annotations

Branches:
Dungeon (2/15)

Altars:


Innate Abilities, Weirdness & Mutations

Your plain brown scales are hard. (AC +5)
You cannot fit into any form of body armour.
You are cold-blooded and may be slowed by cold attacks.


Message History

The gnoll hits you from afar with a +0 halberd.
You closely miss the bat. The bat hits you but does no damage.
You block the gnoll's attack. You block the jackal's attack.
You hit the jackal.
You kill the jackal!
You block the bat's attack. x2
The gnoll hits you from afar with a +0 halberd!
The bat barely misses you.
You barely miss the bat. You block the bat's attack. The bat barely misses you.
The gnoll hits you from afar with a +0 halberd.
* * * LOW HITPOINT WARNING * * *
You block the hobgoblin's attack.
The gnoll hits you from afar with a +0 halberd.
* * * LOW HITPOINT WARNING * * *
The bat barely misses you.
You riposte.
You completely miss the bat. The gnoll closely misses you.
You closely miss the bat.
Your tail-slap misses the bat.
You block the bat's attack. You block the hobgoblin's attack.
The gnoll hits you from afar with a +0 halberd!
You die...

#.....
h...
.....
#..$
....#...
......# #
...g.#
#..
..#$#....
###g....#
#@ggg.#
#<##g..#
#b.#
g.....#
#.##
......#
#.
g.....#
#.
......#
..
......#
..
......#
...


You could see 3 gnolls, 2 hobgoblins and a bat.

Vanquished Creatures
  An adder (D:2)
  A dart slug (D:1)
  A leopard gecko (D:1)
  3 giant cockroaches
  A goblin (D:1)
  3 hobgoblins (D:1)
  A jackal (D:2)
  2 kobolds (D:1)
  A bat (D:1)
  A frilled lizard (D:1)
  2 rats (D:1)
17 creatures vanquished.

Notes
Turn   | Place    | Note
-------+----------+-------------------------------------------
     0 | D:1      | PentaManta the Draconian Fighter began the quest for the
                  | Orb.
     0 | D:1      | Reached XP level 1. HP: 19/19 MP: 1/1
     1 | D:1      | Noticed an electric eel
   198 | D:1      | Reached XP level 2. HP: 23/26 MP: 2/2
   742 | D:2      | Reached skill level 4 in Fighting
   742 | D:2      | Reached XP level 3. HP: 27/33 MP: 3/3
   746 | D:2      | Slain by a gnoll

Skill      XL: |  1  2 |
---------------+-------+-----
Fighting       | 4 |  4.0
Long Blades    | |  2.9
Dodging        | |  2.6
Shields        | |  3.0

Action                   || total
-------------------------++-------
Melee: Long sword        ||    37
       Tailslap          ||     7
Armor: Skin              ||    14
Dodge: Dodged            ||    21
Block: Shield            ||    34
       Rpst.: Long sword ||     8
